 Dungeon Crawl Stone Soup version 0.14-a0-1036-g6cac21b (webtiles) character file.

2981 PolkaDot the Conjurer (level 9, -2/57 HPs)
             Began as a Vampire Conjurer on Nov 24, 2013.
             Killed from afar by a manticore (18 damage)
             ... with a volley of spikes
             ... on Level 7 of the Dungeon.
             The game lasted 00:34:54 (7553 turns).

PolkaDot the Conjurer (Vampire Conjurer)            Turns: 7553, Time: 00:34:54

HP  -2/57        AC 10     Str  7      XL: 9   Next: 37%
MP   1/23        EV 12     Int 20      God:
Gold 301         SH  0     Dex 14      Spells:  3 memorised,  3 levels left

Res.Fire  : . . .   See Invis. : +   i - staff of death
Res.Cold  : + + .   Warding    : .   a - +0 robe
Life Prot.: + + +   Conserve   : .   (no shield)
Res.Poison: +       Res.Corr.  : .   (no helmet)
Res.Elec. : .       Clarity    : .   t - +0 cloak
Sust.Abil.: . .     Spirit.Shd : .   (no gloves)
Res.Mut.  : .       Stasis     : .   l - +0 pair of boots
Res.Rott. : +       Flight     : .   (no amulet)
Saprovore : . . .                    v - +6 ring of protection
                                     h - ring of magical power

@: non-regenerating, about to teleport, somewhat resistant to hostile
enchantments, stealthy
A: bottle blood, fangs 3, see invisible, unbreathing
a: Bat Form, Bottle Blood


You were on level 7 of the Dungeon.
You were bloodless.

You visited 2 branches of the dungeon, and saw 9 of its levels.

You collected 301 gold pieces.

Inventory:

Armour
 a - a +0 robe (worn)
 l - a +0 pair of boots (worn)
 t - a +0 cloak (worn)
Magical devices
 m - a wand of teleportation (5) {unknown}
Scrolls
 d - a scroll of immolation
 e - a scroll of enchant weapon I
 f - 2 scrolls of curse weapon {unknown}
 g - a scroll of teleportation
 k - 10 scrolls of identify
 q - a scroll of enchant armour {unknown}
 r - 3 scrolls of curse jewellery
 s - a scroll of blinking {unknown}
 u - 3 scrolls of remove curse
Jewellery
 h - a ring of magical power (left hand)
 v - a +6 ring of protection (right hand)
Books
 c - a book of Conjurations

   Spells                             Type                      Level
   *Magic Dart                        Conjuration                  1
   *Searing Ray                       Conjuration                  2
   Dazzling Spray                     Conjuration/Hexes            3
   *Iskenderun's Mystic Blast         Conjuration                  4
   Iskenderun's Battlesphere          Conjuration/Charms           4
   Fulminant Prism                    Conjuration/Hexes            5
Magical staves
 b - an uncursed staff of fire
 i - an uncursed staff of death (weapon)


   Skills:
 - Level 2.1 Dodging
 - Level 3.0 Stealth
 - Level 1.0 Spellcasting
 * Level 10.3 Conjurations


You had 3 spell levels left.
You knew the following spells:

 Your Spells              Type           Power        Failure   Level  Hunger
a - Magic Dart            Conj           ####         1%          1    ##.....
d - Iskenderun's Mystic   Conj           #####...     2%          4    #####..
s - Searing Ray           Conj           #####.       1%          2    ###....


Dungeon Overview and Level Annotations

Branches:
Dungeon (8/16)             Temple (1/1) D:4
   Lair: D:8-11

Altars:
Cheibriados
Kikubaaqudgha
Makhleb
Nemelex Xobeh
Okawaru
Xom
Yredelemnul
Zin
the Shining One
Lugonu

Shops:
D:4 [

Annotations:
D:3 coier's ghost, average GrFi
D:7 Eustachio; Joseph
D:8 Erolcha; nOtime's ghost, experienced MiBe


Innate Abilities, Weirdness & Mutations

You do not heal naturally.
You can bottle blood from corpses.
You have razor-sharp teeth.*
You have supernaturally acute eyesight.
You can survive without breathing.*


Message History

Casting: Iskenderun's Mystic Blast
Confirm with . or Enter, or press ? or * to list all spells.
Aiming: Searing Ray
Press: ? - help, Shift-Dir - straight line, f/p - manticore
Aim: a manticore (severely wounded)
The searing ray hits the manticore.
The manticore is severely wounded.
* * * LOW MAGIC WARNING * * *
The crimson imp spits at you.
The manticore flicks its tail!
The volley of spikes misses you.
The searing ray hits the manticore.
The manticore is severely wounded.
* * * LOW MAGIC WARNING * * *
Without enough magic to sustain it, your searing ray dissipates.
The manticore flicks its tail!
The volley of spikes misses you.
Read which item? (? for menu, Esc to quit)
As you read the scroll of teleportation, it crumbles to dust.
You feel strangely unstable.
The manticore flicks its tail!
The volley of spikes hits you!
You die...

##########################
#..........................
#.....))...................
#........................).
.........@................
.......5..................
........H......###########
..............#
..............#
.............#
............# ...........#
........#


You could see a manticore and a crimson imp.

Vanquished Creatures
  Grinder (D:6)
  A hippogriff (D:7)
  A hungry ghost (D:7)
  Edmund (D:7)
  Menkaure (D:6)
  2 ice beasts (D:7)
  An ogre (D:3)
  A phantom (D:6)
  A water moccasin (D:7)
  Blork the orc (D:6)
  2 giant frogs
  6 killer bees (D:7)
  3 wights (D:7)
  3 hounds (D:5)
  A quasit (D:5)
  2 goliath beetles
  An orc priest (D:6)
  A jelly (D:7)
  A centaur skeleton (D:7)
  5 crimson imps
  Crazy Yiuf (D:4)
  A giant frog zombie (D:5)
  An iguana (D:5)
  A scorpion (D:4)
  3 worker ants
  11 adders
  3 worms
  2 giant eyeballs (D:5)
  3 giant geckos
  An ooze (D:4)
  12 orcs
  8 bats
  9 hobgoblins
  15 jackals
  A quokka (D:5)
  2 ball pythons (D:2)
  7 giant cockroaches
  4 giant newts
  A giant newt skeleton (D:4)
  A giant spore (D:8)
  7 goblins
  9 kobolds
  A kobold skeleton (D:6)
  An orc skeleton (D:6)
  11 rats
  4 ballistomycetes (D:8)
156 creatures vanquished.

Notes
Turn   | Place    | Note
--------------------------------------------------------------
     0 | D:1      | PolkaDot, the Vampire Conjurer, began the quest for the Orb.
     0 | D:1      | Reached XP level 1. HP: 13/13 MP: 4/4
   524 | D:1      | Reached XP level 2. HP: 19/19 MP: 2/5
   559 | D:1      | Learned a level 2 spell: Searing Ray
  1360 | D:2      | Reached XP level 3. HP: 24/24 MP: 6/6
  1591 | D:2      | Reached skill level 4 in Conjurations
  2017 | D:3      | Noticed an ogre
  2038 | D:3      | Killed an ogre
  2038 | D:3      | Reached XP level 4. HP: 30/30 MP: 8/8
  2038 | D:3      | Reached XP level 5. HP: 35/35 MP: 9/9
  2067 | D:3      | Noticed coier's ghost (average GrFi)
  2246 | D:4      | Found Ghorph's Armour Shoppe.
  2270 | D:4      | Reached skill level 5 in Conjurations
  2531 | D:4      | Noticed Crazy Yiuf
  2535 | D:4      | Killed Crazy Yiuf
  2660 | D:4      | Reached XP level 6. HP: 22/41 MP: 10/10
  2778 | D:4      | Found a staircase to the Ecumenical Temple.
  2789 | Temple   | Entered the Ecumenical Temple
  2869 | D:4      | Learned a level 4 spell: Iskenderun's Mystic Blast
  3015 | D:5      | Entered Level 5 of the Dungeon
  3080 | D:5      | Reached skill level 6 in Conjurations
  3141 | D:5      | Found an iron altar of Okawaru.
  3227 | D:5      | Reached XP level 7. HP: 42/46 MP: 2/11
  3245 | D:5      | Found a burning altar of Makhleb.
  3732 | D:5      | Paralysed by a giant eyeball for 2 turns
  3742 | D:5      | Paralysed by a giant eyeball for 2 turns
  3749 | D:5      | Paralysed by a giant eyeball for 3 turns
  4160 | D:6      | Found a sparkling altar of Nemelex Xobeh.
  4356 | D:6      | Noticed Menkaure
  4372 | D:6      | Killed Menkaure
  4372 | D:6      | Reached skill level 7 in Conjurations
  4586 | D:6      | Noticed Grinder
  4609 | D:6      | Paralysed by Grinder for 5 turns
  4618 | D:6      | Killed Grinder
  4618 | D:6      | Reached skill level 8 in Conjurations
  4618 | D:6      | Reached XP level 8. HP: 35/52 MP: 3/13
  5093 | D:6      | Noticed Blork the orc
  5112 | D:6      | Killed Blork the orc
  5570 | D:7      | Reached skill level 9 in Conjurations
  5584 | D:7      | Noticed Edmund
  5621 | D:7      | Killed Edmund
  5699 | D:7      | Noticed Eustachio
  6056 | D:8      | Found a snail-covered altar of Cheibriados.
  6179 | D:8      | Reached XP level 9. HP: 46/57 MP: 14/14
  6213 | D:8      | Noticed Erolcha
  6271 | D:8      | Noticed nOtime's ghost (experienced MiBe)
  6902 | D:7      | Reached skill level 10 in Conjurations
  7413 | D:7      | Noticed Joseph
  7553 | D:7      | Killed from afar by a manticore

Action                   |  1- 3 |  4- 6 |  7- 9 || total
-------------------------+-------+-------+-------++-------
Melee: Unarmed           |       |    16 |    20 ||    36
       Staff             |       |       |    60 ||    60
 Cast: Magic Dart        |    70 |    44 |    47 ||   161
       Searing Ray       |     6 |    22 |    55 ||    83
       Iskenderun's Myst |       |       |    33 ||    33
 Abil: Bottle Blood      |       |       |     1 ||     1
  Use: Potion            |     1 |       |     8 ||     9
       Scroll            |       |     4 |    12 ||    16
 Stab: Sleeping          |       |     1 |       ||     1
